 Dungeon Crawl Stone Soup version 0.24-a0-639-gb70a11d811 (webtiles) character file.

Game seed: 6428532298473385304, levelgen mode: deterministic

296 Johnny the Chiller (level 6, -5/50 HPs)
             Began as a Draconian Ice Elementalist on Sept 21, 2019.
             Slain by a small abomination (9 damage)
             ... on level 1 of the Abyss.
             The game lasted 00:05:08 (3093 turns).

Johnny the Chiller (Draconian Ice Elementalist)     Turns: 3093, Time: 00:05:09

Health: -5/50      AC:  6    Str: 11    XL:     6   Next: 12%
Magic:  9/12       EV: 12    Int: 17    God:
Gold:   120        SH:  0    Dex: 11    Spells: 6/13 levels left

rFire    . . .     SeeInvis .   c - +2 whip (drain)
rCold    . . .     Gourm    .   (no shield)
rNeg     . . .     Faith    .   (armour unavailable)
rPois    .         Spirit   .   (helmet restricted)
rElec    .         Reflect  .   (no cloak)
rCorr    .         Harm     .   (no gloves)
MR       .....                  (no boots)
Stlth    ++........             (no amulet)
HPRegen  0.16/turn              (no ring)
MPRegen  0.13/turn              (no ring)

@: no status effects
A: unfitting armour, cold-blooded, AC +6
a: no special abilities


You were on level 1 of the Abyss.
You were not hungry.

You visited 1 branch of the dungeon, and saw 4 of its levels.
You visited the Abyss 1 time.

You collected 120 gold pieces.

Inventory:

Hand Weapons
 a - a +3 dagger
 c - a +2 whip of draining (weapon)
Scrolls
 d - a scroll of magic mapping
 f - 2 scrolls of fear
 n - 3 scrolls of identify
 p - a scroll of enchant weapon
Comestibles
 b - 4 rations


   Skills:
 + Level 2.6 Fighting
 - Level 1.7 Dodging
 - Level 1.7 Stealth
 * Level 4.0 Spellcasting
 - Level 1.0 Conjurations
 * Level 4.9 Ice Magic


You had 6 spell levels left.
You knew the following spells:

 Your Spells              Type           Power        Failure   Level  Hunger
a - Freeze                Ice            ###.         1%          1    None
b - Throw Icicle          Conj/Ice       ##......     41%         4    ####...
c - Throw Frost           Conj/Ice       ##....       7%          2    ##.....

Your spell library contained the following spells:

 Spells                   Type           Power        Failure   Level  Hunger
 Ozocubu's Armour         Chrm/Ice       ##......     17%         3    ###....
 Summon Ice Beast         Ice/Summ       ##......     50%         4    ####...


Dungeon Overview and Level Annotations

Branches:
Dungeon (4/15)
 Temple: D:4-7

Altars:
Ashenzari
Dithmenos
Kikubaaqudgha
Makhleb
Nemelex Xobeh
Trog
Wu Jian
Xom
Beogh


Innate Abilities, Weirdness & Mutations

Your plain brown scales are hard. (AC +6)
You cannot fit into any form of body armour.
You are cold-blooded and may be slowed by cold attacks.


Message History

The small abomination is heavily damaged.
The small abomination barely misses you.
Casting: Freeze (safe; 1% risk of failure)
Confirm with . or Enter, or press ? or * to list all spells.
Aiming: Freeze (safe; 1% risk of failure)
Press: ? - help, Shift-Dir - straight line, f/p - small abomination
Aim: a small abomination (heavily damaged)
You freeze the small abomination!
The small abomination is severely damaged.
The small abomination hits you!
* * * LOW HITPOINT WARNING * * *
Casting: Freeze (safe; 1% risk of failure)
Confirm with . or Enter, or press ? or * to list all spells.
Aiming: Freeze (safe; 1% risk of failure)
Press: ? - help, Shift-Dir - straight line, f/p - small abomination
Aim: a small abomination (severely damaged)
You freeze the small abomination.
The small abomination is severely damaged.
The small abomination hits you!
You die...

### ###.###
#..@..#
##.X##.x.##X.#
#$. #...##.?.#
#|.*X##©##Xx#
#
###.S3###5h.#
# ##..ZX*x.##
##.....##
#.._..# .....#


You could see 2 tentacled starspawn, a large abomination, a guardian serpent, a
smoke demon, a raiju, 2 small abominations, an iron imp, a wolf spider
simulacrum and a lurking horror.

Vanquished Creatures
  The ghost of freakyemo the Slasher, an amateur DsBe of Trog (D:3)
  2 orc wizards
  2 adders (D:2)
  An ooze (D:1)
  2 worms (D:3)
  2 dart slugs
  10 orcs
  11 bats
  3 giant cockroaches
  6 goblins
  8 hobgoblins
  10 kobolds
  A ball python (D:3)
  5 frilled lizards
  4 rats
68 creatures vanquished.

Notes
Turn   | Place    | Note
-------+----------+-------------------------------------------
     0 | D:1      | Johnny the Draconian Ice Elementalist began the quest for
                  | the Orb.
     0 | D:1      | Reached XP level 1. HP: 14/14 MP: 3/3
   142 | D:1      | Reached XP level 2. HP: 18/22 MP: 1/5
   468 | D:1      | Reached skill level 1 in Fighting
   731 | D:1      | Reached XP level 3. HP: 28/28 MP: 6/6
  1348 | D:2      | Found a shattered altar of Ashenzari.
  1351 | D:2      | Found a sparkling altar of Nemelex Xobeh.
  1352 | D:2      | Found a shadowy altar of Dithmenos.
  1352 | D:2      | Found a bloodstained altar of Trog.
  1353 | D:2      | Found an ancient bone altar of Kikubaaqudgha.
  1354 | D:2      | Found a burning altar of Makhleb.
  1377 | D:2      | Found a shimmering altar of Xom.
  1377 | D:2      | Found an ornate altar of the Wu Jian Council.
  1382 | D:2      | Reached XP level 4. HP: 20/35 MP: 8/8
  1798 | D:2      | Learned a level 4 spell: Throw Icicle
  2249 | D:2      | Learned a level 2 spell: Throw Frost
  2587 | D:3      | Found a runed translucent gate.
  2588 | D:3      | Found a runed translucent gate.
  2588 | D:3      | Identified the +2 hand axe "Tefou" {freeze, rF+ rC+ Dex+3}
  2588 | D:3      | Identified the +3 ring mail "Teorr" {MR++ Str+3 Dex-4}
  2588 | D:3      | Noticed freakyemo's ghost (amateur DsBe)
  2589 | D:3      | Found a runed translucent gate.
  2595 | D:3      | Found a roughly hewn altar of Beogh.
  2696 | D:3      | Killed freakyemo's ghost
  2696 | D:3      | Reached XP level 5. HP: 6/42 MP: 0/11
  2696 | D:3      | Reached XP level 6. HP: 7/50 MP: 0/12
  2741 | D:4      | Cast into level 1 of the Abyss (orc)
  2741 | Abyss:1  | Found a corrupted altar of Lugonu.
  2742 | Abyss:1  | Noticed a tentacled starspawn
  2742 | Abyss:1  | Noticed a starcursed mass
  2742 | Abyss:1  | Noticed a tentacled starspawn
  2742 | Abyss:1  | Noticed a guardian serpent
  2742 | Abyss:1  | Noticed a tentacled starspawn
  2744 | Abyss:1  | Noticed a large abomination
  2748 | Abyss:1  | Noticed a wolf spider simulacrum
  2748 | Abyss:1  | Noticed a tentacled starspawn
  2749 | Abyss:1  | Noticed a worldbinder
  2750 | Abyss:1  | Noticed a raiju
  2751 | Abyss:1  | Noticed a small abomination
  2751 | Abyss:1  | Noticed a wretched star
  2758 | Abyss:1  | Noticed a neqoxec
  2761 | Abyss:1  | Noticed a smoke demon
  3086 | Abyss:1  | Noticed a small abomination
  3093 | Abyss:1  | Slain by a small abomination

Levels and vault maps discovered:
D:1:      lightli_arrival_maybe_door_vault, layout_loops_corners
D:2:      layout_loops_ring, grunt_temple_overflow_open,
          gammafunk_temple_overflow_pools, first_ration, serial_park_tiny_pond
D:3:      layout_basic, biasface_ghost_orc_armoury
D:4:      layout_basic, nicolae_gozag_zags_fifth_avenue,
          minmay_temple_entry_offerings, nicolae_ossuary_entry_catacombs,
          serial_shops, nicolae_shop_competitors_out_of_business
Abyss:1:  gammafunk_corrupted_shrine

Skill      XL: |  1  2  3  4 |
---------------+-------------+-----
Fighting       | 1 2 |  2.6
Spellcasting   | 3 4 |  4.0
Ice Magic      | 4 |  4.9
Dodging        | |  1.7
Stealth        | |  1.7
Conjurations   | |  1.0

Action                   |  1- 3 |  4- 6 || total
-------------------------+-------+-------++-------
Melee: Unarmed           |    13 |       ||    13
       Whip              |    60 |    61 ||   121
       Dagger            |    15 |       ||    15
       Tailslap          |     3 |     4 ||     7
 Cast: Freeze            |    11 |    27 ||    38
       Throw Frost       |       |     9 ||     9
  Use: Potion            |       |     6 ||     6
       Scroll            |       |     6 ||     6
 Stab: Sleeping          |     6 |       ||     6
  Eat: Chunk             |     1 |     4 ||     5
       Ration            |       |     1 ||     1
Armor: Skin              |    24 |    16 ||    40
Dodge: Dodged            |    55 |    42 ||    97

Table legend:
 A = Non-vault XP
 B = Vault XP
 C = Vault XP percentage of total XP
 D = Non-vault monster count
 E = Vault monster count
 F = Vault count percentage of total count
                 A         B        C        D         E       F
            +---------+---------+-------+---------+---------+-------
      Total |     230 |     193 |  45.6 |      65 |       3 |   4.4
            +---------+---------+-------+---------+---------+-------
        D:1 |      46 |       0 |   0.0 |      23 |       0 |   0.0
        D:2 |      56 |       0 |   0.0 |      20 |       0 |   0.0
        D:3 |      85 |     193 |  69.4 |      20 |       3 |  13.0
        D:4 |      43 |       0 |   0.0 |       2 |       0 |   0.0
            +---------+---------+-------+---------+---------+-------
